 Dungeon Crawl Stone Soup version 0.29.1 (webtiles) character file.

Game seed: 1301393305169984562

3180 masschaos23 the Cleaver (level 9, -9/79 HPs)
             Began as a Hill Orc Fighter on Sept 13, 2022.
             Was a Believer of Beogh.
             Mangled by a killer bee (10 damage)
             ... on level 8 of the Dungeon.
             The game lasted 00:26:43 (8377 turns).

masschaos23 the Cleaver (Hill Orc Fighter)          Turns: 8377, Time: 00:26:43

Health: -9/79      AC:  0    Str: 21    XL:     9   Next: 95%
Magic:  9/9        EV: 13    Int:  8    God:    Beogh [**....]
Gold:   389        SH:  0    Dex: 14    Spells: 8/8 levels left

rFire   . . .      SeeInvis .   (weapon currently unavailable)
rCold   . . .      Faith    .   (shield currently unavailable)
rNeg    . . .      Spirit   .   (body armour currently unavailable)
rPois   .          Reflect  .   (helmet currently unavailable)
rElec   .          Harm     .   (cloak currently unavailable)
rCorr   .          Rampage  .   (gloves currently unavailable)
Will    .....                   (boots currently unavailable)
Stlth   ++........              G - amulet of regeneration
HPRegen 1.03/turn               (ring currently unavailable)
MPRegen 0.11/turn               (ring currently unavailable)

@: lethally poisoned (-9 -> -10), pig-form, very quick
A: fast, no casting, small, thin skeletal structure 1, wild magic 2
a: Renounce Religion, Smiting


You were on level 8 of the Dungeon.
You worshipped Beogh.
Beogh was pleased with you.
You were a filthy swine.
You visited 2 branches of the dungeon, and saw 9 of its levels.

You collected 389 gold pieces.

Inventory:

Hand Weapons
 a - a +0 war axe (melded)
 B - a +1 flail of draining
 I - a +2 flail of protection
 L - a +0 flail of protection
Missiles
 J - 6 boomerangs
 M - a throwing net
Armour
 b - a scarf of repulsion (melded)
 c - a +0 buckler (melded)
 m - a +0 pair of gloves (melded)
 n - a +0 helmet (melded)
 q - a +0 plate armour (melded)
 u - a +2 cloak
Magical Staves
 r - a staff of fire
Jewellery
 p - a ring of ice
 x - a ring of positive energy (melded)
 G - an amulet of regeneration (around neck)
Wands
 H - a wand of roots (3)
Scrolls
 e - 2 scrolls of fog {unknown}
 g - 2 scrolls of vulnerability
 h - 3 scrolls of identify
 i - a scroll of immolation {unknown}
 k - 2 scrolls of amnesia {unknown}
 l - 4 scrolls of poison
 o - 3 scrolls of enchant weapon
 s - a scroll of fear {unknown}
 t - 2 scrolls of teleportation
 y - 2 scrolls of enchant armour {unknown}
 K - a scroll of blinking (quivered)
Potions
 d - 2 potions of might
 f - 2 potions of lignification
 j - a potion of berserk rage {unknown}
 v - 2 potions of heal wounds
 w - a potion of brilliance {unknown}
 z - a potion of invisibility {unknown}
 A - a potion of magic {unknown}
 C - a potion of curing
 D - a potion of cancellation {unknown}
 E - a potion of degeneration {unknown}
 F - a potion of resistance {unknown}


   Skills:
 + Level 7.5 Fighting
 + Level 12.1 Axes
 + Level 1.5 Throwing
 + Level 8.3 Armour
 - Level 0.3 Dodging
 + Level 5.7 Shields


You had 8 spell levels left.
You didn't know any spells.
Your spell library contained the following spells:

 Spells                   Type           Power      Damage    Failure   Level
 Magic Dart               Conj           0%         1d3       58%         1
 Call Imp                 Summ           0%         N/A       71%         2
 Mephitic Cloud           Conj/Pois/Air  0%         N/A       89%         3
 Stone Arrow              Conj/Erth      0%         3d7       89%         3
 Summon Guardian Golem    Hex/Summ       0%         N/A       89%         3
 Animate Armour           Summ/Erth      0%         N/A       99%         4
 Animate Dead             Necr           0%         N/A       99%         4
 Corpse Rot               Necr/Pois/Air  0%         N/A       99%         4
 Dispel Undead            Necr           0%         3d6       99%         4
 Borgnjor's Vile Clutch   Necr/Erth      0%         N/A       100%        5
 Death Channel            Necr           0%         N/A       100%        6
 Orb of Destruction       Conj           0%         9d5       100%        7
 Spellforged Servitor     Conj/Summ      0%         N/A       100%        7
 Lehudib's Crystal Spear  Conj/Erth      0%         10d2      100%        8


Dungeon Overview and Level Annotations

Branches:
Dungeon (8/15)             Temple (1/1) D:5
   Lair: D:8-11

Altars:
Ashenzari
Cheibriados
Dithmenos
Elyvilon
Fedhas
Gozag
Hepliaklqana
Kikubaaqudgha
Makhleb
Nemelex Xobeh
Okawaru
Qazlal
Ru
Sif Muna
Uskayaw
Vehumet
Wu Jian
Xom
Yredelemnul
Zin
The Shining One

Shops:
D:3 :

Annotations:
D:7 1 runed translucent door, Crazy Yiuf
D:8 Psyche


Innate Abilities, Weirdness & Mutations

You are a filthy swine.
You move quickly.
Your equipment is almost entirely melded.
You are incapable of wielding weapons or throwing items.
You cannot cast spells.
You have a somewhat thin skeletal structure. (Dex +2, Stealth+)
Your spells are harder to cast, but more powerful.


Message History

The haze of the repulsion field disappears.
Found a stone staircase leading up.
Found 21 gold pieces.
The killer bee stings you.
A killer bee comes into view.
Found a ring of ice.
Psyche appears from thin air!
Reactivating autopickup.
The killer bee closely misses you. The dart slug launches a dart at you.
The slug dart misses you. The killer bee stings you.
You are poisoned.
The killer bee poisons you! The killer bee barely misses you.
A killer bee comes into view.
You feel sick.
You feel sick.
The killer bee buzzes angrily.
The killer bee misses you.
You feel sick. The killer bee stings you.
The killer bee attacks as you move away!
The killer bee stings you.
You feel sick.
Psyche mumbles some strange words.
A swirling arc of seething chaos appears!
The arc of chaos hits you.
* * * LOW HITPOINT WARNING * * *
The arc of chaos hits the killer bee.
You feel sick. The killer bee stings you.
* * * LOW HITPOINT WARNING * * *
The killer bee stings you.
* * * LOW HITPOINT WARNING * * *
The killer bee misses you.
You feel sick. The killer bee closely misses you. The killer bee stings you.
* * * LOW HITPOINT WARNING * * *
The killer bee misses you. The killer bee stings you!
* * * LOW HITPOINT WARNING * * *
There is a stone staircase leading up, spattered with blood here.
* * * LOW HITPOINT WARNING * * *
You feel sick. The killer bee stings you!
You die...

##### #...# #...#
####...# #.#...###
###..y..#.#
#...hy....######
##.=.y@........## ###
#..........o....# #..
#.................###..
#..............#....w...
###............#........
###..........#........
##....[...##........
##..............o..


You could see Psyche, 3 killer bees and an orc.

Vanquished Creatures
  Prince Ribbit (D:6)
  A steam dragon (D:6)
  Edmund (D:6)
  Menkaure (D:6)
  An acid dragon (D:5)
  5 orc warriors
  A sky beast (D:6)
  Blork the orc (D:6)
  A kobold brigand (D:7)
  4 bullfrogs
  A gnoll sergeant (D:5)
  5 scorpions
  2 necrophages
  11 killer bees
  3 hounds
  3 jellies
  3 orc priests
  4 orc wizards
  8 gnolls
  10 adders
  A shadow imp (D:7)
  A white imp (D:6)
  A worm (D:2)
  3 dart slugs
  26 orcs
  7 ball pythons
  6 endoplasms
  8 goblins
  11 hobgoblins
  2 jackals (D:4)
  2 quokkas
  4 bats
  2 frilled lizards
  12 kobolds
  5 rats
158 creatures vanquished.

Vanquished Creatures (others)
  2 orc priests
  An orc wizard (D:5)
  A plant (D:5)
4 creatures vanquished.

Grand Total: 162 creatures vanquished

Notes
Turn   | Place    | Note
-------+----------+-------------------------------------------
     0 | D:1      | masschaos23 the Hill Orc Fighter began the quest for the
                  | Orb.
     0 | D:1      | Reached XP level 1. HP: 19/19 MP: 1/1
    65 | D:1      | Found a faded altar of an unknown god.
   105 | D:1      | Reached XP level 2. HP: 19/27 MP: 2/2
   267 | D:1      | Reached skill level 3 in Axes
   475 | D:1      | Reached XP level 3. HP: 31/33 MP: 3/3
  1431 | D:2      | Reached skill level 4 in Axes
  1431 | D:2      | Reached XP level 4. HP: 39/40 MP: 4/4
  2494 | D:3      | Found an ancient bone altar of Kikubaaqudgha.
  2501 | D:3      | Reached skill level 5 in Axes
  2501 | D:3      | Reached XP level 5. HP: 37/47 MP: 5/5
  2608 | D:3      | Found a shimmering blue altar of Sif Muna.
  2619 | D:3      | Found a blossoming altar of Fedhas.
  2637 | D:3      | Found a shadowy altar of Dithmenos.
  2910 | D:3      | Found a stormy altar of Qazlal.
  3177 | D:3      | Found Maxkujol's Vocational Training.
  3569 | D:4      | Reached skill level 6 in Axes
  3569 | D:4      | Reached XP level 6. HP: 52/53 MP: 6/6
  3691 | D:4      | Found an iron altar of Okawaru.
  4233 | D:4      | Reached skill level 7 in Axes
  4233 | D:4      | Reached XP level 7. HP: 44/60 MP: 7/7
  4691 | D:4      | Gained mutation: You are occasionally teleported next to
                  | monsters. [potion of mutation]
  4691 | D:4      | Gained mutation: Your spells are a little harder to cast,
                  | but a little more powerful. [potion of mutation]
  4691 | D:4      | Gained mutation: You have very sharp teeth. [potion of
                  | mutation]
  4692 | D:4      | Lost mutation: You are occasionally teleported next to
                  | monsters. [potion of mutation]
  4692 | D:4      | Lost mutation: You have very sharp teeth. [potion of
                  | mutation]
  4692 | D:4      | Gained mutation: You have a somewhat thin skeletal
                  | structure. (Dex +2, Stealth+) [potion of mutation]
  4692 | D:4      | Gained mutation: Your spells are harder to cast, but more
                  | powerful. [potion of mutation]
  4750 | D:5      | Entered Level 5 of the Dungeon
  4799 | D:5      | Found a staircase to the Ecumenical Temple.
  4848 | D:5      | Found a broken altar of Ashenzari.
  4853 | D:5      | Became a worshipper of Beogh the Brigand
  4909 | D:5      | Reached skill level 5 in Fighting
  4909 | D:5      | Reached skill level 5 in Armour
  5634 | D:5      | Reached skill level 8 in Axes
  5871 | Temple   | Entered the Ecumenical Temple
  5943 | D:6      | Noticed Prince Ribbit
  5959 | D:6      | Killed Prince Ribbit
  5960 | D:6      | Reached XP level 8. HP: 70/70 MP: 8/8
  5961 | D:6      | Noticed Edmund
  5971 | D:6      | Killed Edmund
  5974 | D:6      | Reached skill level 9 in Axes
  6136 | D:6      | Found an opulent altar of Gozag.
  6173 | D:6      | Reached skill level 5 in Shields
  6362 | D:6      | Reached skill level 10 in Axes
  6403 | D:6      | Noticed Menkaure
  6412 | D:6      | Killed Menkaure
  6413 | D:6      | Reached XP level 9. HP: 46/78 MP: 9/9
  6482 | D:6      | Reached * piety under Beogh
  6584 | D:6      | Noticed Blork the orc
  6593 | D:6      | Killed Blork the orc
  6958 | D:7      | Reached skill level 11 in Axes
  7294 | D:7      | Reached skill level 1 in Throwing
  7364 | D:7      | Found a runed translucent door.
  7365 | D:7      | Noticed Crazy Yiuf
  7598 | D:7      | Reached ** piety under Beogh
  7717 | D:7      | Found a sparkling altar of Nemelex Xobeh.
  8318 | D:8      | Noticed Psyche
  8321 | D:8      | Reached skill level 12 in Axes
  8376 | D:8      | HP: 1/79 [killer bee (8)]
  8377 | D:8      | Mangled by a killer bee

Illustrated notes

Levels and vault maps discovered:
D:1:      elethiomel_arrival_fortress_basement, layout_rooms,
          ebering_ecumenical_altar_webs
D:2:      layout_basic
D:3:      layout_basic, nicolae_overflow_crystal_walls,
          nicolae_overflow_quartered_altars,
          hangedman_abyss_or_decor_lesser_grid, nicolae_shop_vocational
D:4:      layout_gridville, okawaru_gym_becter, chequers_serial_rivers_small_b
D:5:      layout_basic, ashenzari_altar_1, minmay_temple_entry_gardened_gates
D:6:      layout_basic, mainiacjoe_overflow_concentric_impassable,
          uniq_menkaure, uniq_edmund, uniq_blork_the_orc, uniq_prince_ribbit1
D:7:      layout_loops_corners, nemelex_diamond_rough_becter,
          grunt_ministairs_8, uniq_crazy_yiuf_cottage
D:8:      layout_cave_pools, uniq_amaemon, uniq_grum, uniq_psyche
Temple:   chequers_temple_sunken

Skill      XL: |  1  2  3  4  5  6  7  8  9 |
---------------+----------------------------+-----
Fighting       | 4 5 6 7 |  7.5
Axes           | 3 4 5 6 7 8 10 12 | 12.1
Armour         | 4 5 6 8 |  8.3
Shields        | 4 5 |  5.7
Throwing       | 1 |  1.5
Dodging        | |  0.3

Action                   |  1- 3 |  4- 6 |  7- 9 || total
-------------------------+-------+-------+-------++-------
Melee: War axe           |    88 |   141 |   356 ||   585
       Unarmed           |       |       |     7 ||     7
Throw: Boomerang         |       |       |    18 ||    18
Invok: Convert to Beogh  |       |       |     1 ||     1
  Use: Scroll            |       |       |    14 ||    14
       Potion            |       |       |     6 ||     6
Armor: Scale mail        |    53 |    29 |       ||    82
       Plate armour      |       |    81 |   198 ||   279
       Skin              |       |       |     3 ||     3
Dodge: Dodged            |    51 |    40 |   126 ||   217
       Repelled          |       |       |     2 ||     2
Block: Buckler           |    16 |    27 |   100 ||   143
